 Dungeon Crawl Stone Soup version 0.23-a0-78-gc252fe1 (webtiles) character file.

1824 galech the Chopper (level 8, 0/62 HPs)
             Began as a Demonspawn Fighter on Aug 10, 2018.
             Was a Believer of Makhleb.
             Slain by an ogre
             ... wielding a +0 giant club
              (11 damage)
             ... on level 6 of the Dungeon.
             The game lasted 00:10:48 (7924 turns).

galech the Chopper (Demonspawn Fighter)             Turns: 7924, Time: 00:10:48

Health: 0/62       AC: 13    Str: 17    XL:     8   Next: 86%
Magic:  8/8        EV:  6    Int: 10    God:    Makhleb [**....]
Gold:   305        SH: 10    Dex: 14    Spells: 7/7 levels left

rFire    . . .     SeeInvis .   a - +0 war axe
rCold    . . .     Gourm    .   c - +0 shield
rNeg     . . .     Faith    .   w - +0 plate armour
rPois    .         Spirit   .   (helmet restricted)
rElec    .         Reflect  .   u - +0 cloak (curse)
rCorr    .         Harm     .   (no gloves)
MR       .....                  (no boots)
Stlth    ..........             (no amulet)
HPRegen  0.20/turn              (no ring)
MPRegen  0.11/turn              (no ring)

@: no status effects
A: antennae 1, repulsion field 2, nightstalker 1
a: Minor Destruction, Renounce Religion


You were on level 6 of the Dungeon.
You worshipped Makhleb.
Makhleb was pleased with you.
You were not hungry.

You visited 2 branches of the dungeon, and saw 7 of its levels.

You collected 305 gold pieces.

Inventory:

Hand Weapons
 a - a +0 war axe (weapon)
Armour
 c - a +0 shield (worn)
 u - a cursed +0 cloak (worn)
 w - a +0 plate armour (worn)
Wands
 q - a wand of random effects (14)
 r - a wand of paralysis (11)
 t - a wand of flame (26)
Scrolls
 b - a scroll of amnesia {unknown}
 g - 3 scrolls of enchant weapon {unknown}
 h - 5 scrolls of magic mapping {unknown}
 i - 2 scrolls of fear {unknown}
 k - 3 scrolls of remove curse {unknown}
 l - 2 scrolls of random uselessness {unknown}
 n - 3 scrolls of teleportation {unknown}
 p - 4 scrolls of immolation {unknown}
 s - 5 scrolls of identify {unknown}
 y - a scroll of enchant armour {unknown}
 z - a scroll of fog {unknown}
Potions
 d - 4 potions of might
 e - a potion of berserk rage {unknown}
 j - 3 potions of lignification {unknown}
 m - a potion of curing
 o - a potion of mutation {unknown}
 v - 2 potions of heal wounds
 x - a potion of flight {unknown}
 A - a potion of degeneration {unknown}
 B - a potion of brilliance {unknown}
Comestibles
 f - 8 rations


   Skills:
 + Level 5.2 Fighting
 + Level 7.4 Axes
 + Level 5.1 Armour
 + Level 1.1 Dodging
 + Level 0.8 Stealth
 + Level 5.2 Shields


You had 7 spell levels left.
You didn't know any spells.
Your spell library was empty.

Dungeon Overview and Level Annotations

Branches:
Dungeon (6/15)             Temple (1/1) D:4

Altars:
Ashenzari
Dithmenos
Elyvilon
Gozag
Makhleb
Nemelex Xobeh
Qazlal
Ru
Trog
Vehumet
Yredelemnul
Zin
The Shining One

Annotations:
D:4 2 runed doors, tamionv's ghost, amateur GrFi
D:6 1 transporter, HydraWiggins's ghost, novice TrAE


Innate Abilities, Weirdness & Mutations

You have a pair of small antennae on your head.
You are surrounded by a moderate repulsion field. (EV +3)
You are slightly more attuned to the shadows.


Message History

You are too injured to fight recklessly!
You are too injured to fight recklessly!
You are too injured to fight recklessly!
You are too injured to fight recklessly!
Your shield and plate armour prevent you from hitting the ogre.
The ogre is heavily wounded.
You block the ogre's attack. The orc hits you but does no damage.
You hit the ogre.
The ogre is heavily wounded.
The ogre hits you with a giant club!
* * * LOW HITPOINT WARNING * * *
The orc hits you from afar with a trident.
* * * LOW HITPOINT WARNING * * *
You hit the ogre.
The ogre is severely wounded.
The orc hits you but does no damage. You block the ogre's attack.
You hit the ogre.
The ogre is almost dead.
The orc hits you but does no damage. The ogre hits you with a giant club!
You die...

#...........#
#..#
#####'##..###
#..# #.##.>#
.##. #.###.#
.. #####.#
#.# ###
#.....# #.#
#<. #.#####
#.# ### #.#
#.. #@# #O#
#o# #o# #l#
#o. ###


You could see an ogre, 3 orcs and a leopard gecko.

Vanquished Creatures
  Sigmund (D:4)
  Edmund (D:5)
  An ice beast (D:6)
  2 ogres
  A bullfrog (D:6)
  4 crimson imps
  2 hounds
  5 orc priests
  A bullfrog skeleton (D:6)
  An iguana (D:6)
  2 jellies (D:5)
  7 orc wizards
  Crazy Yiuf (D:3)
  Jessica (D:2)
  A centaur skeleton (D:4)
  Natasha (thrice) (D:2)
  4 worker ants
  A hound zombie (D:6)
  A hound skeleton (D:5)
  9 adders
  7 gnolls
  A shadow imp (D:5)
  A white imp (D:5)
  An ooze (D:1)
  2 adder zombies (D:2)
  3 adder skeletons (D:2)
  2 worms (D:2)
  A dart slug (D:1)
  3 leopard geckos
  27 orcs
  A ball python (D:2)
  7 bats
  2 bat skeletons (D:2)
  3 giant cockroaches
  9 hobgoblins
  2 jackals (D:6)
  4 quokkas
  4 frilled lizards
  A giant cockroach zombie (D:2)
  9 goblins
  A jackal skeleton (D:2)
  4 kobolds
  2 leopard gecko skeletons
  4 rats
150 creatures vanquished.

Notes
Turn   | Place    | Note
-------+----------+-------------------------------------------
     0 | D:1      | galech the Demonspawn Fighter began the quest for the Orb.
     0 | D:1      | Reached XP level 1. HP: 18/18 MP: 1/1
   267 | D:1      | Reached skill level 2 in Axes
   267 | D:1      | Gained mutation: You are surrounded by a mild repulsion field. (EV +2) [demonic ancestry]
   267 | D:1      | Reached XP level 2. HP: 24/24 MP: 2/2
   762 | D:2      | Noticed a crimson imp
   794 | D:1      | Killed a crimson imp
   794 | D:1      | Reached XP level 3. HP: 18/29 MP: 3/3
   919 | D:1      | Gained mutation: You are surrounded by a moderate repulsion field. (EV +3) [demonic ancestry]
   919 | D:1      | Reached XP level 4. HP: 22/35 MP: 4/4
  1107 | D:2      | Reached skill level 3 in Axes
  1283 | D:2      | Found a white marble altar of Elyvilon.
  1311 | D:2      | Reached XP level 5. HP: 17/41 MP: 5/5
  1543 | D:2      | Reached skill level 4 in Axes
  1649 | D:2      | Found a shadowy altar of Dithmenos.
  1722 | D:2      | Noticed Natasha
  1734 | D:2      | Killed Natasha
  1888 | D:2      | Noticed Natasha
  1902 | D:2      | Killed Natasha
  2221 | D:2      | Noticed Jessica
  2230 | D:2      | Killed Jessica
  2230 | D:2      | Reached XP level 6. HP: 37/47 MP: 6/6
  2357 | D:2      | Noticed Natasha
  2372 | D:2      | Killed Natasha
  2547 | D:3      | Found a shattered altar of Ashenzari.
  2830 | D:3      | Found a runed door.
  3169 | D:2      | HP: 1/48 [orc wizard/magic dart (7)]
  3183 | D:2      | HP: 2/48 [orc wizard/magic dart (2)]
  3556 | D:3      | Noticed Sigmund
  3704 | D:3      | Noticed Crazy Yiuf
  3707 | D:3      | Killed Crazy Yiuf
  4883 | D:4      | Reached skill level 5 in Axes
  5010 | D:4      | Found a radiant altar of Vehumet.
  5065 | D:4      | Killed Sigmund
  5065 | D:4      | Reached skill level 1 in Dodging
  5065 | D:4      | Gained mutation: You have a pair of small antennae on your head. [demonic ancestry]
  5065 | D:4      | Reached XP level 7. HP: 24/54 MP: 7/7
  5270 | D:4      | Found a large runed door.
  5270 | D:4      | Found a large runed door.
  5284 | D:4      | Noticed tamionv's ghost (amateur GrFi)
  5303 | D:4      | Found a staircase to the Ecumenical Temple.
  5311 | Temple   | Entered the Ecumenical Temple
  5346 | Temple   | Became a worshipper of Makhleb the Destroyer
  5382 | D:4      | Found a stormy altar of Qazlal.
  5387 | D:4      | Found a sacrificial altar of Ru.
  5389 | D:4      | Found a glowing golden altar of the Shining One.
  5389 | D:4      | Found a bloodstained altar of Trog.
  5403 | D:4      | Found a glowing silver altar of Zin.
  5407 | D:4      | Found a basalt altar of Yredelemnul.
  5923 | D:5      | Entered Level 5 of the Dungeon
  5995 | D:5      | Reached skill level 6 in Axes
  6024 | D:5      | Reached * piety under Makhleb
  6068 | D:5      | Gained mutation: You are slightly more attuned to the shadows. [demonic ancestry]
  6068 | D:5      | Reached XP level 8. HP: 18/61 MP: 8/8
  6311 | D:5      | Noticed Edmund
  6335 | D:5      | Killed Edmund
  7174 | D:6      | Found a transporter.
  7175 | D:6      | Noticed HydraWiggins's ghost (novice TrAE)
  7449 | D:6      | Reached skill level 5 in Armour
  7452 | D:6      | Reached skill level 5 in Shields
  7506 | D:6      | Reached ** piety under Makhleb
  7516 | D:6      | Reached skill level 5 in Fighting
  7516 | D:6      | Reached skill level 7 in Axes
  7924 | D:6      | Slain by an ogre

Vault maps used:
D:1:      minmay_arrival_solitary_statue, minmay_split_cup_small
D:2:      cheibrodos_old_hovel, elyvilon_altar_5, old_standard_altar,
          serial_undead, serial_undead_e, serial_undead_f, serial_undead_e,
          serial_undead_c, serial_undead_a, serial_undead_a, serial_undead_c,
          serial_undead_d, uniq_natasha, uniq_jessica
D:3:      evilmike_ruin_ashenzari, uniq_crazy_yiuf_cottage, uniq_sigmund
D:4:      nicolae_overflow_crystal_walls, grunt_temple_overflow_open,
          minmay_temple_entry_glassed_door, ebering_ghost_disaster_area,
          first_ration
D:5:      grunt_ministairs_15, minmay_fire_ice_demons, uniq_edmund
D:6:      serial_shops, shop, gammafunk_ghost_smash
Temple:   jpeg_temple_clearing

Skill      XL: |  1  2  3  4  5  6  7  8 |
---------------+-------------------------+-----
Axes           | 2 3 4 5 6 7 |  7.4
Armour         | 3 4 5 |  5.1
Shields        | 3 4 5 |  5.2
Fighting       | 4 5 |  5.2
Dodging        | 1 |  1.1
Stealth        | |  0.8

Action                   |  1- 3 |  4- 6 |  7- 9 || total
-------------------------+-------+-------+-------++-------
Melee: War axe           |    69 |   271 |   306 ||   646
  Use: Potion            |       |       |     2 ||     2
  Eat: Chunk             |       |    10 |    10 ||    20
       Ration            |       |     1 |       ||     1
Armor: Chain mail        |    56 |   164 |       ||   220
       Plate armour      |       |    10 |   158 ||   168
Dodge: Dodged            |    34 |    89 |    79 ||   202
Block: Shield            |    57 |   151 |   132 ||   340

Table legend:
 A = Non-vault XP
 B = Vault XP
 C = Vault XP percentage of total XP
 D = Non-vault monster count
 E = Vault monster count
 F = Vault count percentage of total count
 G = Total turns spent on level
                 A         B        C        D         E       F
            +---------+---------+-------+---------+---------+-------
      Total |    1943 |     663 |  25.4 |     127 |      23 |  15.3
            +---------+---------+-------+---------+---------+-------
        D:1 |      94 |      12 |  11.3 |      19 |       3 |  13.6
        D:2 |     270 |     107 |  28.4 |      17 |      13 |  43.3
        D:3 |     120 |      37 |  23.6 |      29 |       1 |   3.3
        D:4 |     247 |     212 |  46.2 |      13 |       1 |   7.1
        D:5 |     545 |     295 |  35.1 |      29 |       5 |  14.7
        D:6 |     667 |       0 |   0.0 |      20 |       0 |   0.0
            +---------+---------+-------+---------+---------+-------
